 Dungeon Crawl Stone Soup version 0.18-a0-1784-ga939a68 (webtiles) character file.

4918 George the Blocker (level 10, -3/82 HPs)
             Began as a Formicid Fighter on Apr 18, 2016.
             Was a Believer of Okawaru.
             Slain by a sixfirhy (10 damage)
             ... summoned by a deep elf mage
             ... on level 10 of the Dungeon.
             The game lasted 00:16:26 (7976 turns).

George the Blocker (Formicid Fighter)               Turns: 7976, Time: 00:16:27

Health: -3/82      AC: 15    Str: 23    XL:     10   Next: 80%
Magic:  13/13      EV:  8    Int:  8    God:    Okawaru [**....]
Gold:   584        SH: 12    Dex: 11    Spells: 0 memorised, 9 levels left

rFire  . . .     SeeInvis +     D - +0 great sword
rCold  . . .     Gourm    .     W - +3 chain mail
rNeg   + . .     Faith    .     c - +0 shield
rPois  .         Spirit   .     (helmet unavailable)
rElec  .         Dismiss  .     (no cloak)
rCorr  .         Reflect  .     A - +0 pair of gloves
SustAt .         Harm     .     (no boots)
MR     ++...                    (no amulet)
Stlth  ..........               C - ring of positive energy
                                L - ring of protection from magic

@: lethally poisoned (-3 -> -4), very resistant to hostile enchantments,
extremely unstealthy
A: permanent stasis, dig shafts and tunnels, four strong arms, antennae 3
a: Dig, Shaft Self, Heroism, Renounce Religion


You were on level 10 of the Dungeon.
You worshipped Okawaru.
Okawaru was pleased with you.
You were not hungry.

You visited 2 branches of the dungeon, and saw 11 of its levels.

You collected 584 gold pieces.

Inventory:

Hand Weapons
 h - a +0 short sword of draining
 D - a +0 great sword (weapon)
 P - the +7 rapier of Xatyumed {venom, rF++, unknown}
   (You found it on level 7 of the Dungeon)

   It poisons the flesh of those it strikes.
   It greatly protects you from fire.
Missiles
 q - 2 throwing nets (quivered)
Armour
 c - a +0 shield (worn)
 A - a +0 pair of gloves (worn)
 W - a +3 chain mail (worn)
Jewellery
 m - an uncursed ring of protection from fire
 x - an uncursed ring of flight
 C - a ring of positive energy (right hand)
 L - a ring of protection from magic (left hand)
Wands
 G - a wand of iceblast (8/15)
 K - a wand of confusion (24/48)
Scrolls
 j - 3 scrolls of fear {unknown}
 o - 4 scrolls of enchant weapon {unknown}
 r - 2 scrolls of magic mapping {unknown}
 t - 2 scrolls of teleportation {unknown}
 u - 3 scrolls of remove curse {unknown}
 v - 8 scrolls of identify {unknown}
 y - 3 scrolls of immolation {unknown}
 z - 2 scrolls of amnesia {unknown}
 N - a scroll of noise {unknown}
 T - a scroll of random uselessness {unknown}
 V - 3 scrolls of enchant armour {unknown}
Potions
 d - 4 potions of might
 e - a potion of brilliance {unknown}
 g - 4 potions of curing
 i - a potion of ambrosia {unknown}
 p - 2 potions of cancellation {unknown}
 s - 2 potions of agility {unknown}
 E - 2 potions of lignification {unknown}
 F - 2 potions of cure mutation {unknown}
 J - a potion of resistance {unknown}
 S - 2 potions of mutation {unknown}
 Y - 2 potions of degeneration {unknown}
Books
 R - a book of Burglary

   Spells                             Type                      Level
   a - Swiftness                      Charms/Air                   2
   b - Passwall                       Transmutation/Earth          2
   c - Passage of Golubria            Translocation                4
   d - Lee's Rapid Deconstruction     Earth                        5
   e - Darkness                       Hexes                        6
   f - Invisibility                   Hexes                        6
Comestibles
 f - 6 bread rations
 k - 2 slices of pizza
 w - 2 meat rations


   Skills:
 + Level 8.6 Fighting
 + Level 7.7 Long Blades
 + Level 8.7 Armour
 + Level 9.6 Shields
 + Level 4.4 Invocations


You had 9 spell levels left.
You didn't know any spells.

Dungeon Overview and Level Annotations

Branches:
Dungeon (10/15)            Temple (1/1) D:4
   Lair: D:8-11         Orc: D:9-12

Altars:
Ashenzari
Cheibriados
Dithmenos
Elyvilon
Fedhas
Gozag
Kikubaaqudgha
Makhleb
Nemelex Xobeh
Okawaru
Pakellas
Qazlal
Ru
Sif Muna
Trog
Vehumet
Xom
Yredelemnul
Zin
The Shining One

Shops:
D:4 [


Innate Abilities, Weirdness & Mutations

You are under a permanent stasis effect.
You can dig through walls and to a lower floor.
Your four strong arms can wield two-handed weapons with a shield.
You have a pair of large antennae on your head (SInv).


Message History

You block the killer bee's attack.
Unknown command.
You hit the killer bee.
The killer bee is moderately wounded.
The sixfirhy disappears in a puff of smoke!
The killer bee barely misses you. You block the killer bee's attack.
The deep elf mage gestures wildly while chanting.
The deep elf mage blinks!
The killer bee stings you but does no damage.
You slash the killer bee!
You kill the killer bee!
Okawaru accepts your kill.
You feel sick.
The sixfirhy hits you but does no damage.
You slash the sixfirhy!
The sixfirhy is moderately wounded.
You closely miss the sixfirhy.
The sixfirhy is moderately wounded.
You feel sick. The sixfirhy hits you!
You die...

###############################
...............................
.#.....#..##......####........
#.....#..##......####........
..#.....#..##55{...............
............r3{{...............
........##'##4#################
#...#...#...##@.......
#...#...#r..##........ { #..
#...#...##........ ..
#...#.3.##).......
....#.5#######.##. ##+###..# .#
{...# . ...# # #..##


You could see a sixfirhy, a neqoxec, a hell rat and a white imp.

Vanquished Creatures
  A hill giant (D:9)
  2 hungry ghosts
  Menkaure (D:7)
  4 orc warriors
  3 sky beasts
  3 black bears
  2 ice beasts
  3 phantoms
  3 centaurs
  5 ogres
  7 giant frogs
  2 scorpions
  4 killer bees (D:10)
  2 howler monkeys (D:4)
  A giant frog zombie (D:10)
  2 crimson imps
  A quasit (D:9)
  8 hounds
  4 jellies
  7 orc wizards
  3 orc priests
  A centaur skeleton (D:4)
  2 iguanas
  3 worker ants
  A killer bee zombie (D:6)
  A worker ant zombie (D:5)
  12 adders
  2 shadow imps
  4 oozes
  An adder zombie (D:7)
  An adder skeleton (D:9)
  3 worms
  4 dart slugs
  4 giant geckos
  22 orcs
  3 ball pythons
  7 bats
  3 giant cockroaches
  11 goblins
  6 hobgoblins
  7 jackals (D:1)
  11 kobolds
  4 quokkas
  2 giant gecko skeletons (D:4)
  9 giant newts
  A jackal skeleton (D:7)
  5 rats
198 creatures vanquished.

Notes
Turn   | Place    | Note
--------------------------------------------------------------
     0 | D:1      | George the Formicid Fighter began the quest for the Orb.
     0 | D:1      | Reached XP level 1. HP: 18/18 MP: 1/1
    52 | D:1      | Reached XP level 2. HP: 21/24 MP: 2/2
   324 | D:1      | Reached XP level 3. HP: 30/30 MP: 3/3
   328 | D:1      | Reached skill level 4 in Shields
   510 | D:1      | Reached XP level 4. HP: 37/37 MP: 4/4
   732 | D:2      | Found a shattered altar of Ashenzari.
  1108 | D:2      | Reached XP level 5. HP: 42/42 MP: 5/5
  1665 | D:3      | Found a burning altar of Makhleb.
  1666 | D:3      | Found a radiant altar of Vehumet.
  1946 | D:3      | Found an oddly glowing altar of Pakellas.
  2086 | D:4      | Reached XP level 6. HP: 35/49 MP: 6/6
  2088 | D:4      | Found a staircase to the Ecumenical Temple.
  2097 | Temple   | Entered the Ecumenical Temple
  2315 | D:4      | Reached skill level 5 in Shields
  2431 | D:4      | Reached skill level 5 in Fighting
  2593 | D:4      | Found Lyecaybb's Armour Shoppe.
  2662 | D:4      | Noticed a phantom
  2689 | D:4      | Killed a phantom
  2689 | D:4      | Reached XP level 7. HP: 53/56 MP: 7/7
  2739 | D:4      | Reached skill level 5 in Armour
  2881 | D:5      | Entered Level 5 of the Dungeon
  3190 | D:5      | Found a sparkling altar of Nemelex Xobeh.
  3376 | D:6      | Reached skill level 6 in Shields
  3376 | D:6      | Reached XP level 8. HP: 51/64 MP: 8/8
  3898 | D:6      | Found a sacrificial altar of Ru.
  3898 | D:6      | Found an iron altar of Okawaru.
  3899 | D:6      | Found a stormy altar of Qazlal.
  3959 | D:6      | Reached skill level 5 in Long Blades
  4011 | D:6      | Reached skill level 7 in Shields
  4241 | D:6      | Reached XP level 9. HP: 71/71 MP: 9/9
  4615 | D:7      | Found a basalt altar of Yredelemnul.
  4623 | D:7      | Found a glowing golden altar of the Shining One.
  4625 | D:7      | Noticed an angel
  4684 | D:7      | Noticed a profane servitor
  4799 | D:7      | Got an ichor-stained rapier
  5257 | D:7      | Reached skill level 8 in Shields
  5339 | D:7      | Noticed Menkaure
  5343 | D:7      | Killed Menkaure
  5435 | D:6      | Became a worshipper of Warmaster Okawaru
  5979 | D:7      | Reached skill level 1 in Invocations
  6178 | D:7      | Reached XP level 10. HP: 44/80 MP: 11/11
  6741 | D:9      | Found a bloodstained altar of Trog.
  6748 | D:9      | Reached skill level 9 in Shields
  6752 | D:9      | Reached * piety under Okawaru
  6880 | D:9      | Found an opulent altar of Gozag.
  6900 | D:9      | Found a glowing silver altar of Zin.
  6912 | D:9      | Found a shadowy altar of Dithmenos.
  6954 | D:9      | Found a shimmering altar of Xom.
  7175 | D:9      | Noticed a hill giant
  7193 | D:9      | HP: 2/82 [hill giant/giant spiked club (18)]
  7198 | D:9      | Killed a hill giant
  7198 | D:9      | Reached ** piety under Okawaru
  7722 | D:10     | Entered Level 10 of the Dungeon
  7933 | D:10     | Noticed a deep elf mage
  7968 | D:10     | Noticed a sixfirhy
  7974 | D:10     | Noticed a sixfirhy
  7976 | D:10     | Slain by a sixfirhy

Vault maps used:
D:1:      eino_arrival_cavern_e
D:2:      nicolae_ashenzari_panopticon, guppyfry_early_orc_mine
D:3:      minmay_door_path, grunt_temple_overflow_lords_of_destruction,
          first_bread, johnstein_pakellas_dig
D:4:      minmay_temple_entry_junction2, serial_shops, kennysheep_mini
D:5:      nemelex_deck, item_on_display_a
D:6:      gammafunk_temple_overflow_claw, kennysheep_small_square
D:7:      grunt_temple_overflow_holy_war, uniq_menkaure
D:9:      kennysheep_big_flooded_room, trog_ov_bears_minmay,
          nicolae_overflow_quartered_altars
D:10:     lair_0_dummy, basic_altar, serial_shops, shop
Temple:   hc_temple_tempest_star_small

Skill      XL: |  1  2  3  4  5  6  7  8  9 10 |
---------------+-------------------------------+-----
Shields        | 4 5 6 7 8 9 |  9.6
Fighting       | 4 5 6 7 8 |  8.6
Armour         | 4 5 6 7 8 |  8.7
Long Blades    | 3 4 5 6 7 |  7.7
Invocations    | 1 4 |  4.4

Action                   |  1- 3 |  4- 6 |  7- 9 | 10-12 || total
-------------------------+-------+-------+-------+-------++-------
Melee: Long sword        |    76 |   219 |    66 |       ||   361
       Great sword       |       |       |   327 |   207 ||   534
Invok: Heroism           |       |       |       |     2 ||     2
 Abil: Dig               |       |     2 |     4 |     1 ||     7
Evoke: Wand              |       |       |       |     1 ||     1
  Use: Potion            |       |       |       |     1 ||     1
  Eat: Chunk             |       |     6 |    14 |     7 ||    27
       Pizza             |       |       |     4 |       ||     4
       Royal jelly       |       |       |     1 |       ||     1
Armor: Scale mail        |    32 |    90 |    44 |       ||   166
       Plate armour      |       |       |   173 |   118 ||   291
       Chain mail        |       |       |       |    34 ||    34
Dodge: Dodged            |    21 |    68 |   101 |    78 ||   268
Block: Shield            |    39 |   111 |   219 |   146 ||   515
